 Dungeon Crawl Stone Soup version 0.22-a0-135-g6f012ad (webtiles) character file.

1497 KarmaPolice the Skirmisher (level 8, 0/44 HPs)
             Began as a Vine Stalker Assassin on Feb 1, 2018.
             Slain by a killer bee (6 damage)
             ... on level 7 of the Dungeon on Feb 2, 2018.
             The game lasted 00:20:09 (6022 turns).

KarmaPolice the Skirmisher (Vine Stalker Assassin)  Turns: 6022, Time: 00:20:09

Health: 0/44       AC:  5    Str: 15    XL:     8   Next: 81%
Magic:  0/12       EV: 11    Int: 11    God:
Gold:   310        SH:  0    Dex: 17    Spells: 7/7 levels left

rFire    . . .     SeeInvis .   k - +2 dagger (protect)
rCold    + . .     Gourm    .   (no shield)
rNeg     + . .     Faith    .   c - +0 robe
rPois    .         Spirit   +   (no helmet)
rElec    .         Reflect  .   d - +0 cloak
rCorr    .         Harm     .   w - +1 pair of gloves
MR       +....                  (no boots)
Stlth    +++.......             n - amulet of regeneration (curse)
HPRegen  0.94/turn              v - ring of positive energy
MPRegen  0.13/turn              E - ring of protection from cold

@: lethally poisoned (0 -> 0)
A: fangs 3, regeneration 1, magic shield, antimagic bite, no potion heal 3, rot
immunity
a: no special abilities


You were on level 7 of the Dungeon.
You were very hungry.

You visited 2 branches of the dungeon, and saw 8 of its levels.

You collected 310 gold pieces.

Inventory:

Hand Weapons
 b - a +0 blowgun
 k - a +2 dagger of protection (weapon)
Missiles
 e - 8 poisoned needles
 f - 2 curare-tipped needles
 p - 5 tomahawks of returning (quivered)
Armour
 c - a +0 robe (worn)
 d - a +0 cloak (worn)
 w - a +1 pair of gloves (worn)
Jewellery
 n - a cursed amulet of regeneration (around neck)
 v - a ring of positive energy (left hand)
 A - an uncursed ring of wizardry
 E - a ring of protection from cold (right hand)
Wands
 z - a wand of flame (6)
 D - a wand of clouds (4)
Scrolls
 h - 6 scrolls of identify
 i - a scroll of noise {unknown}
 j - a scroll of random uselessness {unknown}
 l - 5 scrolls of remove curse
 m - 5 scrolls of teleportation
 q - a scroll of blinking {unknown}
 s - 3 scrolls of enchant armour {unknown}
 u - 2 scrolls of amnesia {unknown}
 y - 2 scrolls of fog {unknown}
Potions
 o - 3 potions of lignification {unknown}
 r - 5 potions of degeneration {unknown}
 t - a potion of might {unknown}
 x - 3 potions of flight {unknown}
 B - a potion of heal wounds {unknown}
 C - a potion of curing
 G - a potion of mutation {unknown}
Books
 F - a book of Necromancy

   Spells                             Type                      Level
   a - Pain                           Necromancy                   1
   b - Animate Skeleton               Necromancy                   1
   c - Vampiric Draining              Necromancy                   3
   d - Regeneration                   Charms/Necromancy            3
   e - Animate Dead                   Necromancy                   4
Comestibles
 g - 8 rations


   Skills:
 + Level 5.9 Fighting
 + Level 5.8 Short Blades
 + Level 2.6 Throwing
 - Level 0.8 Armour
 - Level 0.7 Dodging
 - Level 5.6 Stealth
 + Level 4.3 Evocations


You had 7 spell levels left.
You didn't know any spells.

Dungeon Overview and Level Annotations

Branches:
Dungeon (7/15)             Temple (1/1) D:4

Altars:
Ashenzari
Cheibriados
Dithmenos
Gozag
Kikubaaqudgha
Makhleb
Nemelex Xobeh
Okawaru
Qazlal
Ru
Trog
Uskayaw
Vehumet
Wu Jian
Xom
Zin
The Shining One

Annotations:
D:5 2 transporters


Innate Abilities, Weirdness & Mutations

You have razor-sharp teeth.
Your natural rate of healing is unusually fast.
When hurt, damage is shared between your health and your magic reserves.
Your bite disrupts and absorbs the magic of your enemies.
Potions cannot restore your health.
You are immune to rotting.


Message History

You feel sick. The killer bee stings you! The hound barely misses you.
The orc priest mumbles some strange prayers to Beogh against you.
Beogh smites you! The killer bee closely misses you.
You feel sick.
The orc priest looks satisfied for a moment.
The killer bee stings you but does no damage.
The killer bee misses you.
The orc priest mumbles some strange prayers to Beogh against you.
Beogh smites you!
* * * LOW HITPOINT WARNING * * *
The killer bee stings you.
You feel sick. The killer bee stings you.
* * * LOW HITPOINT WARNING * * *
The killer bee stings you.
* * * LOW HITPOINT WARNING * * *
You are more poisoned.
The killer bee poisons you! 2 orcs, an orc warrior and an orc priest come into view.
You feel sick. The killer bee stings you!
You die...

****#######...####...####
*,,,,..................o†
**,****#.#..............##
*,..####.......o.....##.#
*,.......S##...#.##..##>#
*,..#####.###.##.##.(##.#* **,**
#h# #.##S..h.##.#, *###,* #y#
#.#########.#, *....######@#
#.#*,,,,,*###, *,*#........#
#[.*,,,,,****, *,*###.#.####
###*,,∩,,+,,,,
*****,..#.o..########*,,,,,****,
*,,,,...oo...<.......*,,,,,* *,
*,***...#o...#######.******* **,
*,* *..*##.#.# *,* *,****,, *,*
*,,* #.#.# *,* *,,,,,,,
**,***,,* #.#.# *,* ******,*


You could see an orc warrior (wandering), a hound, a killer bee, an orc priest
(wandering), an adder and 2 orcs.

Vanquished Creatures
  2 sky beasts (D:5)
  An ice beast (D:5)
  A phantom (D:5)
  2 ogres
  A bullfrog (D:5)
  3 killer bees (D:7)
  A howler monkey (D:6)
  2 electric eels (D:6)
  2 hounds
  A centaur zombie (D:5)
  4 orc priests
  3 orc wizards
  Natasha (thrice) (D:3)
  2 worker ants
  2 worker ant zombies
  10 adders
  2 oozes
  4 adder skeletons (D:5)
  2 worms
  2 dart slugs
  2 leopard geckos (D:1)
  12 orcs
  2 ball pythons
  7 bats
  3 giant cockroaches
  6 goblins
  9 hobgoblins
  22 jackals
  6 kobolds
  2 quokkas
  4 frilled lizards
  A leopard gecko zombie (D:6)
  9 rats
135 creatures vanquished.

Notes
Turn   | Place    | Note
-------+----------+-------------------------------------------
     0 | D:1      | KarmaPolice the Vine Stalker Assassin began the quest for the Orb.
     0 | D:1      | Reached XP level 1. HP: 11/11 MP: 2/2
   342 | D:1      | Reached XP level 2. HP: 15/15 MP: 3/3
   625 | D:1      | Reached XP level 3. HP: 19/19 MP: 4/4
  1092 | D:1      | Found a glowing silver altar of Zin.
  1184 | D:2      | Reached skill level 5 in Stealth
  1224 | D:2      | Gained mutation: Your natural rate of healing is unusually fast. [Vine Stalker growth]
  1224 | D:2      | Reached XP level 4. HP: 23/23 MP: 5/5
  1271 | D:2      | Found a shadowy altar of Dithmenos.
  1674 | D:3      | Noticed Natasha
  1676 | D:3      | Killed Natasha
  1676 | D:3      | Reached XP level 5. HP: 28/28 MP: 6/6
  1881 | D:3      | Found an ancient bone altar of Kikubaaqudgha.
  2006 | D:3      | Noticed Natasha
  2043 | D:3      | Killed Natasha
  2207 | D:3      | Noticed Natasha
  2235 | D:3      | Killed Natasha
  2433 | D:2      | Reached XP level 6. HP: 33/33 MP: 7/7
  2704 | D:4      | Found a hide-covered altar of Uskayaw.
  2707 | D:4      | Noticed a dagger
  2707 | D:4      | Noticed a hand axe
  2773 | D:4      | Reached skill level 1 in Evocations
  3063 | D:4      | Found a shattered altar of Ashenzari.
  3093 | D:4      | Found a staircase to the Ecumenical Temple.
  3099 | Temple   | Entered the Ecumenical Temple
  3327 | D:4      | Found an opulent altar of Gozag.
  3718 | D:5      | Entered Level 5 of the Dungeon
  3718 | D:5      | Found an ornate altar of the Wu Jian Council.
  3733 | D:5      | Found a transporter.
  3834 | D:5      | Found a transporter.
  3873 | D:5      | Noticed a phantom
  3956 | D:5      | Killed a phantom
  3956 | D:5      | Reached XP level 7. HP: 37/37 MP: 7/9
  4424 | D:5      | Found a burning altar of Makhleb.
  4577 | D:5      | Reached skill level 5 in Fighting
  4736 | D:5      | Reached skill level 5 in Short Blades
  4736 | D:5      | Gained mutation: You have razor-sharp teeth. [Vine Stalker growth]
  4736 | D:5      | Reached XP level 8. HP: 34/43 MP: 9/11
  6022 | D:7      | Slain by a killer bee

Vault maps used:
D:1:      dpeg_arrival_water_altar, minmay_misc_feat_ornament,
          minmay_split_cup_small
D:2:      grunt_dithmenos_smoke_and_mirrors
D:3:      kiku_gazebo_pond_becter, uniq_natasha
D:4:      kennysheep_mini_moat, dancing_weapons_uskayaw,
          minmay_temple_entry_hall, first_ration, hex_tiny, nrook_uturn,
          hangedman_decor_diamond_cutter, cheibrodos_ashenzari_chains
D:5:      gammafunk_wand_slinger, makhleb_blood_cavern_becter,
          lemuel_crystal_altar
D:6:      serial_bayou_pond_b, serial_bayou_pond_b,
          minmay_misc_feat_secret_circle, minmay_crystal_water,
          grunt_ministairs_12, st_stairs_13
D:7:      kennysheep_ying_yang, enter_bailey_7, uniq_menkaure
Temple:   grunt_temple_mini_profane

Skill      XL: |  1  2  3  4  5  6  7  8 |
---------------+-------------------------+-----
Fighting       | 2 3 4 5 |  5.9
Short Blades   | 2 3 4 5 |  5.8
Stealth        | 5 |  5.6
Evocations     | 1 3 4 |  4.3
Throwing       | 2 |  2.6
Armour         | |  0.8
Dodging        | |  0.7

Action                   |  1- 3 |  4- 6 |  7- 9 || total
-------------------------+-------+-------+-------++-------
Melee: Dagger            |    64 |   247 |   253 ||   564
       Bite              |    16 |    64 |    82 ||   162
 Fire: Blowgun           |       |    13 |    34 ||    47
  Use: Scroll            |       |       |     4 ||     4
 Stab: Sleeping          |    12 |    11 |     5 ||    28
       Distracted        |       |       |     1 ||     1
  Eat: Chunk             |     1 |     6 |     5 ||    12
       Ration            |       |     1 |       ||     1
Armor: Robe              |    13 |    70 |    98 ||   181
Dodge: Dodged            |    26 |   119 |   132 ||   277

Table legend:
 A = Spawn XP
 B = Non-spawn XP
 C = Spawn XP percentage of total XP
 D = Spawn monster count
 E = Non-spawn monster count
 F = Spawn count percentage of total count
 G = Total turns spent on level
                    A         B        C        D         E        F      G
               +---------+---------+-------+---------+---------+-------+---------
         Total |       0 |    2139 |   0.0 |       0 |     135 |   0.0 |  6022
               +---------+---------+-------+---------+---------+-------+---------
           D:1 |       0 |      53 |   0.0 |       0 |      26 |   0.0 |  1131
           D:2 |       0 |     139 |   0.0 |       0 |      23 |   0.0 |   567
           D:3 |       0 |     167 |   0.0 |       0 |      29 |   0.0 |   981
           D:4 |       0 |     106 |   0.0 |       0 |       7 |   0.0 |   840
           D:5 |       0 |    1015 |   0.0 |       0 |      25 |   0.0 |  1101
           D:6 |       0 |     439 |   0.0 |       0 |      21 |   0.0 |  1078
           D:7 |       0 |     220 |   0.0 |       0 |       4 |   0.0 |   125
               +---------+---------+-------+---------+---------+-------+---------
